 Dungeon Crawl Stone Soup version 0.21.1-1-g345015f (webtiles) character file.

907 wojtek the Cleaver (level 7, -3/60 HPs)
             Began as a Minotaur Fighter on July 21, 2018.
             Killed from afar by Theowulf's ghost (15 damage)
             ... with a flame tongue
             ... on level 5 of the Dungeon.
             The game lasted 00:05:14 (4674 turns).

wojtek the Cleaver (Minotaur Fighter)               Turns: 4674, Time: 00:05:15

Health: -3/60      AC:  7    Str: 23    XL:     7   Next: 81%
Magic:  6/6        EV:  8    Int:  5    God:
Gold:   187        SH:  9    Dex:  9    Spells: 6/6 levels left

rFire    . . .     SeeInvis .   a - +0 war axe
rCold    . . .     Gourm    .   c - +0 shield
rNeg     . . .     Faith    .   r - +0 scale mail
rPois    .         Spirit   .   (helmet restricted)
rElec    .         Reflect  .   (no cloak)
rCorr    .         Harm     .   (no gloves)
MR       .....                  (no boots)
Stlth    ..........             (no amulet)
HPRegen  0.20/turn              (no ring)
MPRegen  0.10/turn              (no ring)

@: drained
A: retaliatory headbutt, horns 2
a: no special abilities


You were on level 5 of the Dungeon.
You were not hungry.

You visited 1 branch of the dungeon, and saw 5 of its levels.

You collected 187 gold pieces.

Inventory:

Hand Weapons
 a - a +0 war axe (weapon)
 b - a +2 hand axe of flaming
Missiles
 x - a throwing net (quivered)
Armour
 c - a +0 shield (worn)
 r - a +0 scale mail (worn)
Scrolls
 h - 2 scrolls of teleportation {unknown}
 j - 3 scrolls of identify {unknown}
 k - a scroll of amnesia {unknown}
 n - a scroll of enchant armour {unknown}
 o - a scroll of remove curse {unknown}
 t - a scroll of blinking {unknown}
 u - a scroll of random uselessness {unknown}
 w - a scroll of fear {unknown}
Potions
 d - a potion of might
 e - 2 potions of brilliance {unknown}
 g - a potion of lignification {unknown}
 i - 2 potions of invisibility {unknown}
 l - a potion of berserk rage {unknown}
 m - a potion of curing {unknown}
 p - a potion of resistance {unknown}
 v - a potion of heal wounds
 z - a potion of agility {unknown}
Books
 s - a book of Misfortune

   Spells                             Type                      Level
   a - Confusing Touch                Hexes                        1
   b - Confuse                        Hexes                        3
   c - Gell's Gravitas                Translocation                3
   d - Petrify                        Transmutation/Earth          4
   e - Metabolic Englaciation         Hexes/Ice                    5
   f - Yara's Violent Unravelling     Hexes/Transmutation          5
Comestibles
 f - 7 rations
 q - 2 chunks of flesh


   Skills:
 + Level 4.3(4.2) Fighting
 + Level 9.8(9.7) Axes
 + Level 4.3(4.2) Armour
 + Level 1.7(1.6) Dodging
 + Level 4.3(4.2) Shields


You had 6 spell levels left.
You didn't know any spells.

Dungeon Overview and Level Annotations

Branches:
Dungeon (5/15)
 Temple: D:4-7

Altars:
Trog

Annotations:
D:5 Theowulf's ghost, novice OgFE


Innate Abilities, Weirdness & Mutations

You reflexively headbutt those who attack you in melee.
You have a pair of horns on your head.


Message History

You block Theowulf's ghost's attack.
You closely miss Theowulf's ghost.
Theowulf's ghost is severely damaged.
You block Theowulf's ghost's attack.
You hit Theowulf's ghost but do no damage.
Theowulf's ghost is severely damaged.
Theowulf's ghost hits you. Theowulf's ghost casts a spell at you.
The puff of flame hits you!
You slash Theowulf's ghost!
Theowulf's ghost is almost destroyed.
Theowulf's ghost says, "My insurmountable tactics guarantee your defeat."
Theowulf's ghost casts a spell at you. The flame tongue hits you!
* * * LOW HITPOINT WARNING * * *
You barely miss Theowulf's ghost.
Theowulf's ghost is almost destroyed.
Theowulf's ghost casts a spell at you. The flame tongue hits you!
You die...

#.####....#....
#...............
######.##........
#..##.......
#.###........
#.###.......
#...#.......
###.##......
#.@W......
##........
.........
..#....... ###
....... ......=
....... .......


You could see Theowulf's ghost.

Vanquished Creatures
  An ogre (D:4)
  The ghost of Lilu the Caller, a weakling MfSu of Makhleb (D:3)
  2 crimson imps
  6 orc priests
  A centaur skeleton (D:5)
  6 orc wizards
  Terence (D:3)
  4 iguanas
  2 worker ants
  A hound skeleton (D:4)
  A worker ant zombie (D:5)
  2 adders (D:3)
  3 oozes
  An adder skeleton (D:5)
  2 worms
  5 dart slugs
  5 leopard geckos
  15 orcs
  2 ball pythons
  3 bats
  4 giant cockroaches
  3 goblins
  9 hobgoblins
  4 jackals
  5 quokkas
  5 frilled lizards
  4 kobolds
  2 rats
100 creatures vanquished.

Notes
Turn   | Place    | Note
-------+----------+-------------------------------------------
     0 | D:1      | wojtek the Minotaur Fighter began the quest for the Orb.
     0 | D:1      | Reached XP level 1. HP: 19/19 MP: 0/0
    11 | D:1      | Reached skill level 3 in Axes
   288 | D:1      | Reached XP level 2. HP: 26/26 MP: 1/1
   407 | D:1      | Reached skill level 4 in Axes
   501 | D:1      | Reached XP level 3. HP: 30/31 MP: 2/2
  1130 | D:2      | Reached skill level 5 in Axes
  1222 | D:2      | Found a bloodstained altar of Trog.
  1299 | D:2      | Reached XP level 4. HP: 29/39 MP: 3/3
  1659 | D:3      | Noticed Terence
  1671 | D:3      | Noticed Lilu's ghost (weakling MfSu)
  1672 | D:3      | Killed Terence
  1672 | D:3      | Reached skill level 6 in Axes
  1878 | D:3      | Killed Lilu's ghost
  1878 | D:3      | Reached XP level 5. HP: 15/45 MP: 4/4
  2230 | D:3      | Reached skill level 7 in Axes
  2499 | D:3      | Reached XP level 6. HP: 51/51 MP: 5/5
  2717 | D:4      | Reached skill level 8 in Axes
  3149 | D:4      | Reached skill level 9 in Axes
  3202 | D:4      | Reached XP level 7. HP: 55/57 MP: 6/6
  3765 | D:4      | Reached skill level 1 in Dodging
  4432 | D:5      | Entered Level 5 of the Dungeon
  4652 | D:5      | Noticed Theowulf's ghost (novice OgFE)
  4674 | D:5      | Killed from afar by Theowulf's ghost

Skill      XL: |  1  2  3  4  5  6  7 |
---------------+----------------------+-----
Axes           | 3 4 5 6 7 9 |  9.8
Fighting       | 4 |  4.3
Dodging        | 1 |  1.7
Armour         | 4 |  4.3
Shields        | 4 |  4.3

Action                   |  1- 3 |  4- 6 |  7- 9 || total
-------------------------+-------+-------+-------++-------
Melee: War axe           |   120 |   139 |    84 ||   343
       Headbutt          |    10 |    21 |    15 ||    46
  Eat: Chunk             |     1 |     7 |     4 ||    12
Armor: Scale mail        |    50 |    38 |    26 ||   114
Dodge: Dodged            |    42 |    45 |    20 ||   107
Block: Shield            |    54 |    66 |    40 ||   160
